[ AOE2 MATCH · #457020194 ]
1v1 RMJapanese vs Japanese
Player's team · LOSS
Rival team · WIN
[ REPLAY ANALYSIS · EXTRACTED FROM THE RECORDED GAME ]
Feudal
10:46
Castle
23:13
Imperial
46:27
| APM avg | 13.1 |
| APM peak | 50 |
| eAPM avg | 11.8 |
| Villagers / military | 85 / 171 |
Focus
⚔️ 47.0% · 🌾 53.0%
Samurai ×111 · Knight ×33 · Spearman ×8 · Trebuchet (Packed) ×8 · Scout Cavalry ×6 · Militia ×5
Feudal
11:18
Castle
16:49
Imperial
40:47
| APM avg | 24.9 |
| APM peak | 87 |
| eAPM avg | 16.8 |
| Villagers / military | 191 / 256 |
Focus
⚔️ 38.9% · 🌾 61.1%
Samurai ×225 · Trebuchet (Packed) ×13 · Cavalry Archer ×10 · Battering Ram ×4 · Spearman ×1 · Archer ×1
Match map
Initial resources + every placement click. Lines = walls · curves = elevation contours. ◆ gold · ⬟ stone · ● berries · ✦ relic · ◌ wall gap
Your base· ✓ Map-separated
myMom's base· ✓ Map-separated
Smoothed initial terrain · ◌ = detected wall gap · hover for details
Inputs per minute
— EliasCar - - myMom
Build order — EliasCar
First 150 of 387 actions detected
| 0:06 | Research | Loom |
| 0:07 | Create | Villager (Male) |
| 0:07 | Create | Villager (Male) |
| 0:08 | Create | Villager (Male) |
| 0:08 | Create | Villager (Male) |
| 0:08 | Create | Villager (Male) |
| 0:21 | Build | House |
| 0:41 | Build | House |
| 0:59 | Build | House |
| 1:04 | Build | House |
| 1:42 | Build | House |
| 2:03 | Build | Lumber Camp |
| 2:08 | Create | Villager (Male) |
| 2:43 | Create | Villager (Male) |
| 2:43 | Create | Villager (Male) |
| 3:20 | Create | Villager (Male) |
| 3:45 | Create | Villager (Male) |
| 3:54 | Build | Mill |
| 3:59 | Create | Villager (Male) |
| 4:48 | Create | Villager (Male) |
| 5:02 | Create | Villager (Male) |
| 5:16 | Create | Villager (Male) |
| 5:41 | Create | Villager (Male) |
| 6:14 | Create | Villager (Male) |
| 6:14 | Create | Villager (Male) |
| 6:57 | Create | Villager (Male) |
| 6:57 | Create | Villager (Male) |
| 7:58 | Create | Villager (Male) |
| 8:15 | Build | Mill |
| 8:36 | Research | Feudal Age |
| 10:46 | Age | Feudal Age |
| 10:48 | Research | Town Watch |
| 10:49 | Research | Wheelbarrow |
| 10:51 | Research | Horse Collar |
| 10:55 | Research | Double-Bit Axe |
| 11:04 | Build | Mining Camp |
| 11:13 | Build | Mining Camp |
| 11:39 | Research | Stone Mining |
| 11:43 | Research | Gold Mining |
| 11:52 | Create | Villager (Male) |
| 11:52 | Create | Villager (Male) |
| 11:53 | Create | Villager (Male) |
| 12:34 | Create | Villager (Male) |
| 13:17 | Create | Villager (Male) |
| 13:17 | Create | Villager (Male) |
| 13:18 | Create | Villager (Male) |
| 13:42 | Build | Lumber Camp |
| 13:53 | Create | Villager (Male) |
| 13:53 | Create | Villager (Male) |
| 13:53 | Create | Villager (Male) |
| 13:53 | Create | Villager (Male) |
| 13:54 | Create | Villager (Male) |
| 14:10 | Build | House |
| 14:33 | Build | House |
| 14:51 | Build | Barracks |
| 15:09 | Create | Villager (Male) |
| 15:09 | Create | Villager (Male) |
| 16:05 | Build | Stable |
| 16:07 | Create | Spearman |
| 16:08 | Create | Spearman |
| 16:08 | Create | Spearman |
| 16:14 | Create | Villager (Male) |
| 16:14 | Create | Villager (Male) |
| 16:29 | Create | Villager (Male) |
| 16:29 | Create | Villager (Male) |
| 16:33 | Create | Spearman |
| 16:33 | Create | Spearman |
| 16:46 | Build | Lumber Camp |
| 17:20 | Build | Market |
| 17:30 | Research | Bloodlines |
| 17:32 | Create | Scout Cavalry |
| 17:36 | Research | Man-at-Arms (upgrade) |
| 17:37 | Research | Arson |
| 17:59 | Create | Spearman |
| 17:59 | Create | Spearman |
| 18:07 | Create | Villager (Male) |
| 18:14 | Build | Farm |
| 18:27 | Build | House |
| 18:47 | Build | Farm |
| 18:47 | Build | Farm |
| 18:50 | Build | Farm |
| 18:54 | Build | Farm |
| 18:55 | Build | Farm |
| 19:07 | Build | House |
| 19:41 | Build | Farm |
| 19:43 | Build | Farm |
| 19:44 | Build | Farm |
| 19:46 | Build | Farm |
| 19:49 | Build | Farm |
| 19:52 | Build | Farm |
| 19:54 | Build | Farm |
| 19:56 | Build | Farm |
| 20:05 | Build | House |
| 20:33 | Research | Castle Age |
| 20:41 | Build | House |
| 20:44 | Create | Scout Cavalry |
| 20:51 | Create | Militia |
| 21:02 | Build | Watch Tower |
| 21:10 | Build | Watch Tower |
| 21:15 | Create | Scout Cavalry |
| 22:10 | Create | Scout Cavalry |
| 22:10 | Create | Scout Cavalry |
| 22:15 | Create | Militia |
| 22:16 | Create | Spearman |
| 22:43 | Build | Blacksmith |
| 22:49 | Create | Scout Cavalry |
| 23:13 | Age | Castle Age |
| 23:14 | Build | House |
| 23:18 | Research | Husbandry |
| 23:23 | Research | Gambesons |
| 23:50 | Research | Bow Saw |
| 24:13 | Research | Light Cavalry (upgrade) |
| 24:44 | Research | Squires |
| 25:07 | Build | Castle |
| 25:13 | Research | Long Swordsman (upgrade) |
| 25:29 | Research | Forging |
| 25:32 | Research | Pikeman (upgrade) |
| 25:36 | Create | Knight |
| 25:37 | Create | Knight |
| 25:55 | Build | University |
| 26:08 | Build | Town Center |
| 27:08 | Research | Yasama |
| 27:36 | Create | Samurai |
| 27:36 | Create | Samurai |
| 27:37 | Create | Samurai |
| 27:58 | Research | Murder Holes |
| 28:06 | Build | Mining Camp |
| 28:36 | Research | Gold Shaft Mining |
| 28:44 | Create | Samurai |
| 28:44 | Create | Samurai |
| 28:44 | Create | Samurai |
| 29:00 | Create | Samurai |
| 29:00 | Create | Samurai |
| 29:50 | Create | Villager (Male) |
| 29:50 | Create | Villager (Male) |
| 29:50 | Create | Villager (Male) |
| 30:18 | Create | Villager (Male) |
| 30:18 | Create | Villager (Male) |
| 30:18 | Create | Villager (Male) |
| 30:24 | Create | Villager (Male) |
| 30:34 | Research | Heavy Plow |
| 30:55 | Create | Samurai |
| 30:55 | Create | Samurai |
| 31:11 | Create | Samurai |
| 31:12 | Create | Samurai |
| 31:14 | Create | Samurai |
| 31:28 | Create | Villager (Male) |
| 31:35 | Build | Farm |
| 31:38 | Create | Villager (Male) |
| 32:11 | Create | Samurai |
Build order — myMom
First 150 of 639 actions detected
| 0:01 | Create | Villager (Male) |
| 0:02 | Create | Villager (Male) |
| 0:02 | Create | Villager (Male) |
| 0:04 | Build | House |
| 0:06 | Build | House |
| 0:24 | Create | Villager (Male) |
| 1:33 | Create | Villager (Male) |
| 1:52 | Build | Lumber Camp |
| 1:59 | Create | Villager (Male) |
| 2:30 | Create | Villager (Male) |
| 3:26 | Create | Villager (Male) |
| 3:26 | Create | Villager (Male) |
| 3:35 | Create | Villager (Male) |
| 3:57 | Create | Villager (Male) |
| 4:03 | Build | House |
| 4:15 | Build | House |
| 4:31 | Build | Mill |
| 4:38 | Create | Villager (Male) |
| 5:22 | Create | Villager (Male) |
| 5:22 | Create | Villager (Male) |
| 5:37 | Create | Villager (Male) |
| 6:18 | Build | Mill |
| 6:51 | Create | Villager (Male) |
| 7:18 | Create | Villager (Male) |
| 7:50 | Create | Villager (Male) |
| 7:58 | Create | Villager (Male) |
| 8:13 | Build | Barracks |
| 8:33 | Build | Mining Camp |
| 8:43 | Research | Loom |
| 8:45 | Research | Feudal Age |
| 9:11 | Build | House |
| 9:14 | Build | House |
| 9:15 | Build | House |
| 10:04 | Build | House |
| 10:40 | Create | Villager (Male) |
| 10:40 | Create | Villager (Male) |
| 11:18 | Age | Feudal Age |
| 11:56 | Build | Blacksmith |
| 12:19 | Build | Palisade Gate |
| 12:24 | Create | Villager (Male) |
| 12:54 | Build | Market |
| 13:21 | Create | Spearman |
| 13:44 | Create | Villager (Male) |
| 14:09 | Research | Castle Age |
| 15:27 | Build | Outpost |
| 15:56 | Research | Double-Bit Axe |
| 16:01 | Research | Horse Collar |
| 16:28 | Build | Archery Range |
| 16:49 | Age | Castle Age |
| 16:52 | Build | Town Center |
| 17:16 | Create | Villager (Male) |
| 17:21 | Create | Villager (Male) |
| 17:33 | Research | Crossbowman (upgrade) |
| 17:39 | Create | Cavalry Archer |
| 17:40 | Create | Cavalry Archer |
| 17:41 | Create | Cavalry Archer |
| 18:27 | Build | Town Center |
| 18:35 | Create | Villager (Male) |
| 18:35 | Create | Villager (Male) |
| 18:47 | Create | Villager (Male) |
| 18:47 | Create | Villager (Male) |
| 18:48 | Create | Villager (Male) |
| 18:59 | Build | Farm |
| 19:01 | Build | Farm |
| 19:02 | Build | Farm |
| 19:13 | Build | Farm |
| 19:21 | Create | Villager (Male) |
| 19:30 | Create | Archer |
| 19:42 | Create | Villager (Male) |
| 19:42 | Create | Villager (Male) |
| 19:43 | Create | Villager (Male) |
| 20:05 | Create | Villager (Male) |
| 20:05 | Create | Villager (Male) |
| 20:06 | Create | Villager (Male) |
| 20:06 | Create | Villager (Male) |
| 20:18 | Create | Cavalry Archer |
| 20:26 | Create | Villager (Male) |
| 20:26 | Create | Villager (Male) |
| 20:26 | Create | Villager (Male) |
| 20:39 | Build | Lumber Camp |
| 20:45 | Create | Villager (Male) |
| 20:53 | Create | Villager (Male) |
| 20:53 | Create | Villager (Male) |
| 21:14 | Create | Cavalry Archer |
| 21:14 | Create | Cavalry Archer |
| 22:00 | Create | Villager (Male) |
| 22:01 | Create | Villager (Male) |
| 22:09 | Build | House |
| 22:11 | Build | House |
| 22:12 | Build | House |
| 22:19 | Research | Town Watch |
| 22:32 | Create | Villager (Male) |
| 22:32 | Create | Villager (Male) |
| 22:39 | Research | Wheelbarrow |
| 22:57 | Create | Villager (Male) |
| 23:29 | Build | University |
| 23:32 | Build | House |
| 23:36 | Create | Villager (Male) |
| 23:36 | Create | Villager (Male) |
| 23:36 | Create | Villager (Male) |
| 23:46 | Create | Villager (Male) |
| 23:46 | Create | Villager (Male) |
| 24:11 | Create | Villager (Male) |
| 24:11 | Create | Villager (Male) |
| 24:28 | Create | Cavalry Archer |
| 24:28 | Create | Cavalry Archer |
| 24:28 | Create | Cavalry Archer |
| 24:28 | Create | Cavalry Archer |
| 24:34 | Create | Villager (Male) |
| 24:34 | Create | Villager (Male) |
| 24:45 | Create | Villager (Male) |
| 24:54 | Build | Farm |
| 24:56 | Build | Farm |
| 24:57 | Build | Farm |
| 24:59 | Build | Farm |
| 25:01 | Build | Farm |
| 25:02 | Build | Farm |
| 25:04 | Build | Farm |
| 25:05 | Build | Farm |
| 25:14 | Build | Stone Wall |
| 25:20 | Build | Gate |
| 25:39 | Build | Gate |
| 25:42 | Build | Stone Wall |
| 25:53 | Build | Stone Wall |
| 25:59 | Create | Villager (Male) |
| 25:59 | Create | Villager (Male) |
| 26:00 | Create | Villager (Male) |
| 26:11 | Create | Villager (Male) |
| 26:24 | Build | Castle |
| 26:31 | Build | House |
| 26:35 | Build | House |
| 26:44 | Create | Villager (Male) |
| 26:44 | Create | Villager (Male) |
| 26:44 | Create | Villager (Male) |
| 26:54 | Create | Villager (Male) |
| 26:55 | Create | Villager (Male) |
| 27:07 | Create | Villager (Male) |
| 27:07 | Create | Villager (Male) |
| 27:12 | Create | Villager (Male) |
| 27:32 | Research | Fletching |
| 27:38 | Build | Town Center |
| 27:48 | Build | Farm |
| 27:49 | Build | Farm |
| 27:50 | Build | Farm |
| 27:52 | Build | Farm |
| 27:54 | Build | Farm |
| 27:58 | Create | Villager (Male) |
| 27:58 | Create | Villager (Male) |
| 28:11 | Create | Villager (Male) |
| 28:11 | Create | Villager (Male) |
Match timeline
| 8:13 | myMom · first_building Barracks |
| 10:46 | EliasCar · age_up feudal |
| 11:18 | myMom · age_up feudal |
| 14:51 | EliasCar · first_building Barracks |
| 16:05 | EliasCar · first_building Stable |
| 16:28 | myMom · first_building Archery Range |
| 16:49 | myMom · age_up castle |
| 20:10 | EliasCar · first_market_buy 100 food |
| 20:15 | EliasCar · first_market_sell 100 stone |
| 23:13 | EliasCar · age_up castle |
| 25:07 | EliasCar · first_building Castle |
| 25:14 | myMom · wall_segment Stone Wall x5 |
| 25:42 | myMom · wall_segment Stone Wall x1 |
| 25:53 | myMom · wall_segment Stone Wall x4 |
| 26:24 | myMom · first_building Castle |
| 28:21 | myMom · first_building Siege Workshop |
| 35:45 | myMom · first_market_buy 100 stone |
| 36:15 | myMom · wall_segment Stone Wall x6 |
| 40:47 | myMom · age_up imperial |
| 46:27 | EliasCar · age_up imperial |
| 46:55 | myMom · wall_segment Stone Wall x1 |
| 48:14 | myMom · first_building Monastery |
| 48:21 | myMom · wall_segment Stone Wall x8 |
| 48:28 | myMom · wall_segment Stone Wall x6 |
| 48:33 | myMom · wall_segment Stone Wall x5 |
| 48:39 | myMom · wall_segment Stone Wall x5 |
| 48:46 | myMom · wall_segment Stone Wall x11 |
| 50:58 | myMom · wall_segment Stone Wall x10 |
| 51:06 | myMom · wall_segment Stone Wall x29 |
| 53:17 | myMom · wall_segment Stone Wall x2 |
| 53:18 | myMom · wall_segment Stone Wall x1 |
| 56:42 | myMom · wall_segment Stone Wall x1 |
| 56:43 | myMom · wall_segment Stone Wall x1 |
| 56:45 | myMom · wall_segment Stone Wall x1 |
| 59:21 | myMom · first_market_sell 100 stone |
| 71:01 | EliasCar · resign |
[ AI ANALYSIS · 1 CREDIT ]
What really happened in this match?
Wolo.gg analyzes every decision: build order, eco, micro, common mistakes by bracket. Personalized analysis on WhatsApp or Discord in 30 seconds.
Civ guide
Japanese
Map guide
MegaRandom
Perfil
Jugador #12373313